 Dungeon Crawl Stone Soup version 0.20-a0-1073-g49e0d3e (webtiles) character file.

12000 M4edhros the Covert (level 11, -2/72 HPs)
             Began as an Octopode Artificer on Apr 29, 2017.
             Was an Initiate of Gozag.
             Killed by divine providence
             ... invoked by a meliai
              (10 damage)
             ... on level 12 of the Dungeon.
             The game lasted 00:19:12 (12889 turns).

M4edhros the Covert (Octopode Artificer)           Turns: 12889, Time: 00:19:20

Health: -2/72      AC:  1    Str: 13    XL:     11   Next: 86%
Magic:  33/33      EV: 19    Int: 13    God:    Gozag
Gold:   352        SH:  4    Dex: 17    Spells: 10/10 levels left

rFire    . . .     SeeInvis +   m - +8 quarterstaff (chaos)
rCold    . . .     Gourm    .   (shield currently unavailable)
rNeg     . . .     Faith    .   (helmet restricted)
rPois    .         Spirit   .   (no amulet)
rElec    .         Reflect  .   i - ring of magical power
rCorr    .         Harm     .   n - ring of see invisible
MR       .....     Rnd*Tele +   d - ring of wizardry
Stlth    ++++++....             (no ring)
Regen    0.3/turn               N - ring of magical power
MPRegen  0.3/turn               (no ring)
                                (no ring)
                                (no ring)

@: gold aura, drained
A: almost no armour, stealthy swim, amphibious, 8 rings, constrict 8, large bone
plates 1, camouflage 1, agile 1, blurry vision 1, teleportitis 1, wild magic 1,
gelatinous body 1
a: Potion Petition, Call Merchant, Bribe Branch, Renounce Religion


You were on level 12 of the Dungeon.
You worshipped Gozag.
Gozag was aware of your devotion.
You were not hungry.

You visited 2 branches of the dungeon, and saw 13 of its levels.
You also visited: Sewer.

You collected 1788 gold pieces.
You paid 1436 gold pieces to Gozag.

Inventory:

Hand Weapons
 a - a +0 short sword
 m - a +8 quarterstaff of chaos (weapon)
 t - a +1 hunting sling of flaming
 J - a +2 vampiric trident
Jewellery
 d - a ring of wizardry (on tentacle)
 i - a ring of magical power (left tentacle)
 n - a ring of see invisible (right tentacle)
 N - a ring of magical power (on tentacle)
Wands
 b - a wand of flame (3/48)
 c - a wand of enslavement (0/24)
 F - a wand of lightning (8/15)
 I - a wand of flame (7/48)
 L - a wand of confusion (0/48)
 P - a wand of confusion (14/48)
Scrolls
 e - 2 scrolls of fear {unknown}
 j - 5 scrolls of remove curse
 q - 2 scrolls of blinking
 v - 6 scrolls of teleportation
 y - a scroll of magic mapping {unknown}
 B - 2 scrolls of immolation {unknown}
 D - a scroll of noise {unknown}
 E - 2 scrolls of fog {unknown}
 K - a scroll of enchant weapon
 O - a scroll of silence {unknown}
Potions
 g - a potion of experience {unknown}
 h - 3 potions of lignification
 k - a potion of magic
 l - 2 potions of ambrosia {unknown}
 o - a potion of agility
 p - a potion of berserk rage
 r - 3 potions of might
 s - 2 potions of haste
 u - a potion of curing
 w - 3 potions of heal wounds
 x - a potion of degeneration {unknown}
 z - a potion of cancellation {unknown}
 A - a potion of brilliance {unknown}
 M - a potion of invisibility {unknown}
Books
 H - a book of Changes

   Spells                             Type                      Level
   a - Beastly Appendage              Transmutation                1
   b - Sticks to Snakes               Transmutation                2
   c - Spider Form                    Transmutation/Poison         3
   d - Ice Form                       Ice/Transmutation            4
   e - Blade Hands                    Transmutation                5
 Q - a book of Enchantments

   Spells                             Type                      Level
   a - Cause Fear                     Hexes                        4
   b - Yara's Violent Unravelling     Hexes/Transmutation          5
   c - Silence                        Hexes/Air                    5
   d - Deflect Missiles               Charms/Air                   6
   e - Discord                        Hexes                        8
Comestibles
 f - 7 bread rations
 C - 7 fruits
 G - a meat ration
 S - a royal jelly


   Skills:
 + Level 5.9(5.8) Fighting
 - Level 1.0(0.9) Short Blades
 - Level 11.6(11.5) Staves
 * Level 8.4(8.3) Dodging
 + Level 13.1(12.9) Stealth
 + Level 5.5(5.4) Evocations


You had 10 spell levels left.
You didn't know any spells.

Dungeon Overview and Level Annotations

Branches:
Dungeon (12/15)            Temple (1/1) D:7            Lair (0/6) D:11
    Orc (0/2) D:11

Altars:
Ashenzari
Cheibriados
Dithmenos
Elyvilon
Fedhas
Gozag
Hepliaklqana
Kikubaaqudgha
Makhleb
Nemelex Xobeh
Okawaru
Qazlal
Ru
Sif Muna
Trog
Uskayaw
Vehumet
Wu Jian
Xom
Yredelemnul
Zin
The Shining One

Shops:
D:5 %(   D:8 [   D:9 *   D:11 (

Annotations:
D:5 Prince Ribbit
D:9 Engwar's ghost, novice OgWr
D:11 Grum


Innate Abilities, Weirdness & Mutations

You cannot wear most types of armour.
You are very stealthy in the water. (Stealth+)
You are amphibious.
You can wear up to eight rings at the same time.
You can use your tentacles to constrict eight enemies at once.
Your skin changes colour to match your surroundings (Stealth+).
Your rubbery body absorbs attacks. (AC +1, EV +1)
You are partially covered in large bone plates. (SH +4)
You are agile. (Dex +2)
Scrolls take you a little longer to read.
You are occasionally teleported next to monsters.
Your spells are a little harder to cast, but a little more powerful.


Message History

You hit the meliai. You drain the meliai! Your grab misses the meliai.
The meliai is moderately wounded.
You constrict the meliai.
You feel sick.
The meliai hits the meliai with a hand axe!
The meliai is killed!
The meliai hits you with a hand axe. The meliai hits you with a hand axe!
* * * LOW HITPOINT WARNING * * *
The meliai stings you.
* * * LOW HITPOINT WARNING * * *
You are lethally poisoned!
The meliai poisons you!
Unknown command.
You feel better.
The meliai mumbles some strange prayers to its god against you.
Something smites you!
* * * LOW HITPOINT WARNING * * *
The meliai mumbles some strange prayers to its god against you.
Something smites you!
You die...
Your body crumbles into a pile of gold.

...### #.....
#..... #.....
#.....
#.....############
###............
#.$@#..........$
#.y.#..........
#...y?.<.......
###'#..........
#.....#######+
#.....# #.....+
#.....# #..y..#


You could see 2 meliai.

Vanquished Creatures
  A hydra (D:9)
  3 two-headed ogres
  An ugly thing (D:11)
  A komodo dragon (D:10)
  A kobold demonologist (D:11)
  A meliai (D:12)
  A troll (D:10)
  2 hippogriffs
  Grinder (D:4)
  Sigmund (D:2)
  The ghost of Engwar the Chucker, an amateur OgHu (D:5)
  13 yaks
  Eustachio (D:4)
  A hungry ghost (D:10)
  A warg (D:11)
  Menkaure (D:7)
  The ghost of emsyzz the Digger, an amateur SpEE (D:4)
  A soldier ant (D:11)
  An acid dragon (D:11)
  3 orc warriors
  2 black bears
  4 ice beasts
  3 sky beasts
  A necrophage (D:6)
  4 wolves (D:11)
  5 ogres
  2 centaurs
  2 big kobolds
  5 bullfrogs
  3 scorpions
  A wyvern skeleton (D:7)
  14 wights
  A howler monkey (D:7)
  4 crimson imps
  A bullfrog zombie (D:10)
  2 bullfrog skeletons
  3 orc priests
  2 hounds
  2 gnoll shamans (D:7)
  Crazy Yiuf (D:4)
  A centaur skeleton (D:7)
  6 iguanas
  10 orc wizards
  7 worker ants
  A killer bee zombie (D:5)
  A hound zombie (D:7)
  A worker ant zombie (D:11)
  A howler monkey zombie (D:7)
  9 gnolls
  10 adders
  4 river rats
  3 shadow imps
  3 oozes
  3 adder skeletons
  An adder zombie (D:6)
  5 worms
  2 dart slugs
  7 leopard geckos
  33 orcs
  6 ball pythons
  6 giant cockroaches
  8 goblins
  13 hobgoblins
  6 jackals
  12 kobolds
  4 quokkas
  5 bats
  10 frilled lizards
  2 jackal skeletons
  A leopard gecko skeleton (D:4)
  16 rats
296 creatures vanquished.

Vanquished Creatures (collateral kills)
  An ogre (D:5)
  2 wights (D:6)
  2 orcs (D:4)
5 creatures vanquished.

Vanquished Creatures (others)
  A wyvern (D:9)
  2 orc priests
3 creatures vanquished.

Grand Total: 304 creatures vanquished

Notes
Turn   | Place    | Note
-------+----------+-------------------------------------------
     0 | D:1      | M4edhros the Octopode Artificer began the quest for the Orb.
     0 | D:1      | Reached XP level 1. HP: 13/13 MP: 3/3
   117 | D:1      | Reached skill level 2 in Stealth
   153 | D:1      | Found a sparkling altar of Nemelex Xobeh.
   182 | D:2      | Reached XP level 2. HP: 4/18 MP: 4/4
   183 | D:2      | Reached skill level 3 in Stealth
   500 | D:2      | Reached skill level 4 in Stealth
   598 | D:3      | Reached XP level 3. HP: 23/23 MP: 5/5
   692 | D:4      | Found a runed door.
   744 | D:4      | Noticed Crazy Yiuf
   749 | D:4      | Killed Crazy Yiuf
   749 | D:4      | Reached skill level 5 in Stealth
   804 | D:4      | Reached skill level 1 in Staves
   804 | D:4      | Reached XP level 4. HP: 13/28 MP: 6/6
  1156 | D:4      | Reached XP level 5. HP: 24/33 MP: 7/7
  1372 | D:4      | Noticed an ogre
  1394 | D:4      | Killed an ogre
  1394 | D:4      | Reached skill level 6 in Stealth
  1394 | D:4      | Reached XP level 6. HP: 33/38 MP: 8/8
  1490 | D:4      | Noticed Eustachio
  1500 | D:4      | Killed Eustachio
  1500 | D:4      | Reached skill level 7 in Stealth
  1520 | D:4      | Noticed emsyzz's ghost (amateur SpEE)
  1528 | D:4      | Killed emsyzz's ghost
  1528 | D:4      | Reached skill level 5 in Staves
  1528 | D:4      | Reached XP level 7. HP: 28/43 MP: 9/9
  1725 | D:4      | Noticed Grinder
  1733 | D:4      | Paralysed by Grinder for 6 turns
  1742 | D:4      | Killed Grinder
  1742 | D:4      | Reached skill level 8 in Stealth
  2039 | D:5      | Entered Level 5 of the Dungeon
  2315 | D:5      | Noticed Engwar's ghost (amateur OgHu)
  2318 | D:5      | Reached XP level 8. HP: 42/48 MP: 10/10
  2342 | D:5      | Killed Engwar's ghost
  2550 | D:5      | Reached skill level 9 in Stealth
  2823 | D:5      | Noticed Prince Ribbit
  2837 | D:5      | Found Luatiq's Antique Weapon Emporium.
  3022 | D:5      | Found Uteowny's Food Emporium.
  3092 | D:6      | Gained mutation: You evolve. [potion of mutation]
  3092 | D:6      | Gained mutation: Your mind is acute. (Int +2) [potion of mutation]
  3177 | D:6      | Found a deep blue altar of Sif Muna.
  3179 | D:6      | Reached XP level 9. HP: 53/53 MP: 11/11
  3181 | D:6      | Reached skill level 10 in Stealth
  3486 | D:6      | Found a shadowy altar of Dithmenos.
  3699 | D:6      | Found a glowing drain.
  3711 | Sewer    | Entered a sewer
  3939 | Sewer    | Lost mutation: You evolve. [evolution]
  4401 | D:7      | Noticed an enchanted hand axe
  4409 | D:7      | Noticed a hand axe
  4410 | D:7      | Found a hide-covered altar of Uskayaw.
  4601 | D:7      | Noticed Menkaure
  4606 | D:7      | Killed Menkaure
  5091 | D:7      | Reached skill level 11 in Stealth
  5143 | D:7      | Found a staircase to the Ecumenical Temple.
  5152 | Temple   | Entered the Ecumenical Temple
  5352 | Temple   | Became a worshipper of Gozag Ym Sagoz the Greedy
  5752 | D:3      | Found a sparkling altar of Nemelex Xobeh.
  5916 | D:2      | Noticed Sigmund
  5922 | D:2      | Killed Sigmund
  6085 | D:2      | Found a shimmering altar of Xom.
  6089 | D:2      | Found an ancient bone altar of Kikubaaqudgha.
  6090 | D:2      | Found a bloodstained altar of Trog.
  6094 | D:2      | Found a glowing golden altar of the Shining One.
  6094 | D:2      | Found a stormy altar of Qazlal.
  8071 | D:8      | Found a burning altar of Makhleb.
  8088 | D:8      | Reached skill level 10 in Staves
  8297 | D:8      | Reached XP level 10. HP: 62/62 MP: 12/12
  8332 | D:8      | Found Foemuen's Antique Armour Shop.
  8430 | D:8      | Lost mutation: Your mind is acute. (Int +2) [potion of mutation]
  8430 | D:8      | Gained mutation: You are agile. (Dex +2) [potion of mutation]
  8430 | D:8      | Gained mutation: You are very agile. (Dex +4) [potion of mutation]
  9112 | D:9      | Noticed Engwar's ghost (novice OgWr)
  9389 | D:9      | Noticed a two-headed ogre
  9400 | D:9      | Killed a two-headed ogre
  9400 | D:9      | Reached skill level 5 in Dodging
  9816 | D:9      | Noticed a six-headed hydra
  9830 | D:9      | Killed a six-headed hydra
 10071 | D:9      | Reached skill level 12 in Stealth
 10357 | D:10     | Entered Level 10 of the Dungeon
 10577 | D:10     | Reached XP level 11. HP: 51/70 MP: 14/14
 11252 | D:10     | Reached skill level 5 in Fighting
 11368 | D:11     | Noticed a cyan ugly thing
 11435 | D:11     | Killed a cyan ugly thing
 11564 | D:11     | Noticed a two-headed ogre
 11667 | D:11     | Noticed Grum
 11888 | D:11     | Noticed a two-headed ogre
 11900 | D:11     | Killed a two-headed ogre
 12072 | D:11     | Killed a two-headed ogre
 12072 | D:11     | Reached skill level 5 in Evocations
 12108 | D:11     | Found a staircase to the Orcish Mines.
 12153 | D:11     | Lost mutation: You are very agile. (Dex +4) [potion of mutation]
 12153 | D:11     | Gained mutation: You are occasionally teleported next to monsters. [potion of mutation]
 12153 | D:11     | Gained mutation: Scrolls take you a little longer to read. [potion of mutation]
 12153 | D:11     | Gained mutation: You are partially covered in large bone plates. (SH +4) [potion of mutation]
 12153 | D:11     | Gained mutation: Your spells are a little harder to cast, but a little more powerful. [potion of mutation]
 12535 | D:11     | Found a staircase to the Lair.
 12682 | D:11     | Reached skill level 13 in Stealth
 12889 | D:12     | Killed from afar by a meliai

Vault maps used:
D:1:      lemuel_arrival_muddy, serial_bayou, serial_bayou_ford_a,
          serial_bayou_shore_b, serial_bayou_shore_b, serial_bayou_lake_a,
          serial_bayou_crossing, nemelex_xobeh_ov_fountains_minmay
D:2:      xom_teletrap_fun, chequers_temple_overflow_statue_of_worship,
          minmay_tetromino_i2, uniq_sigmund
D:3:      nemelex_spade_bored_becter
D:4:      first_bread, uniq_grinder, uniq_eustachio, uniq_crazy_yiuf_cottage
D:5:      serial_shops, nicolae_shop_trees, nicolae_shop_trees,
          uniq_prince_ribbit1
D:6:      kennysheep_orc_sif_temple, grunt_dithmenos_smoke_and_mirrors,
          portal_sewer_entry_e
D:7:      dancing_weapons_uskayaw, lemuel_temple_firewalk_b, uniq_menkaure
D:8:      serial_shops, nicolae_shop_crystal, basic_altar
D:11:     lair_entry_dummy, david_orc_3, solitary_fountain, uniq_grum
D:12:     uniq_sonja
Temple:   regret_index_temple_generic_petals
Sewer:    sewer_co_cracked_pipes

Skill      XL: |  1  2  3  4  5  6  7  8  9 10 11 |
---------------+----------------------------------+-----
Stealth        | 2 4 5 6 7 8 9 11 12 13 | 13.1
Staves         | 1 2 3 5 6 8 10 11 | 11.6
Dodging        | 4 6 8 |  8.4
Fighting       | 2 4 5 |  5.9
Evocations     | 4 5 |  5.5
Short Blades   | |  1.0

Action                   |  1- 3 |  4- 6 |  7- 9 | 10-12 || total
-------------------------+-------+-------+-------+-------++-------
Melee: Short sword       |    31 |       |       |       ||    31
       Constrict         |    10 |     4 |    62 |    36 ||   112
       Tentacles         |     9 |     7 |    44 |    59 ||   119
       Quarterstaff      |     2 |    37 |   302 |   269 ||   610
Invok: Call Merchant     |       |       |       |     2 ||     2
Evoke: Wand              |     3 |     3 |    18 |    37 ||    61
  Use: Potion            |       |     3 |     3 |     4 ||    10
       Scroll            |       |       |    11 |     7 ||    18
 Stab: Sleeping          |     6 |     5 |    53 |    17 ||    81
       Petrified         |       |       |     5 |       ||     5
       Distracted        |       |       |     5 |     3 ||     8
       Paralysed         |       |       |     2 |     4 ||     6
       Petrifying        |       |       |     1 |     1 ||     2
       Confused          |       |       |       |    13 ||    13
  Eat: Chunk             |       |     2 |    10 |       ||    12
       Royal jelly       |       |       |     6 |     3 ||     9
       Meat ration       |       |       |       |     2 ||     2
Armor: Skin              |     2 |     3 |    13 |     3 ||    21
Dodge: Dodged            |    16 |    16 |   142 |   121 ||   295
Block: Other             |       |       |       |     7 ||     7
